 Dungeon Crawl Stone Soup version 0.29.1-13-g9f3cf754e1 (webtiles) character file.

Game seed: 14332095620095365431

28 Hrothgar the Twirler (level 3, -5/27 (30) HPs)
             Began as a Hill Orc Gladiator on Jan 24, 2023.
             Slain by a gnoll
             ... wielding a +1 flail of draining
              (8 damage)
             ... on level 2 of the Dungeon.
             The game lasted 00:02:25 (560 turns).

Hrothgar the Twirler (Hill Orc Gladiator)            Turns: 560, Time: 00:02:26

HP:   -5/27 (30)    AC:  4    Str: 16    XL:     3   Next: 14%
MP:   3/3           EV: 12    Int: 10    God:
Gold: 58            SH:  0    Dex: 12    Spells: 2/2 levels left

rFire   . . .      SeeInvis .   a - +0 quarterstaff
rCold   . . .      Faith    .   (shield currently unavailable)
rNeg    . . .      Spirit   .   b - +0 leather armour
rPois   .          Reflect  .   c - +0 helmet
rElec   .          Harm     .   (no cloak)
rCorr   .          Rampage  .   (no gloves)
Will    .....                   (no boots)
Stlth   +.........              (no amulet)
HPRegen 0.09/turn               (no ring)
MPRegen 0.08/turn               (no ring)

@: heavily drained
A: no striking features
a: no special abilities


You were on level 2 of the Dungeon.
You visited 1 branch of the dungeon, and saw 2 of its levels.

You collected 58 gold pieces.

Inventory:

Hand Weapons
 a - a +0 quarterstaff (weapon)
Missiles
 d - 3 throwing nets (quivered)
 e - a javelin
Armour
 b - a +0 leather armour (worn)
 c - a +0 helmet (worn)
Scrolls
 i - a scroll of enchant armour {unknown}
Potions
 f - 2 potions of might
 h - a potion of curing {unknown}


   Skills:
 * Level 2.7 Fighting
 * Level 0.2(2.3) Polearms
 * Level 3.2 Staves
 * Level 1.9 Throwing
 * Level 0.2 Armour
 + Level 2.4 Dodging
 * Level 0.3 Stealth
 * Level 0.4 Spellcasting


You had 2 spell levels left.
You didn't know any spells.
Your spell library was empty.

Dungeon Overview and Level Annotations

Branches:
Dungeon (2/15)

Altars:


Message History

The gnoll is heavily wounded.
The gnoll hits you with a +0 flail.
You hit the gnoll.
The gnoll is severely wounded.
The gnoll completely misses you. The gnoll hits you with a +0 whip.
You hit the gnoll.
The gnoll is almost dead.
The gnoll barely misses you.
You sock the gnoll!
You kill the gnoll!
The gnoll hits you with a +0 whip!
* * * LOW HITPOINT WARNING * * *
You have reached level 3!
Your experience leads to an increase in your attributes!
Increase (S)trength, (I)ntelligence, or (D)exterity?
You feel clever. x2
The gnoll attacks as you move away! The gnoll barely misses you.
The gnoll attacks as you move away! The gnoll barely misses you.
The gnoll attacks as you move away! The gnoll closely misses you.
The gnoll attacks as you move away! The gnoll hits you but does no damage.
It was a potion of heal wounds.
You feel much better. The gnoll hits you with a +0 whip.
The gnoll barely misses you. The gnoll attacks as you move away!
The gnoll hits you with a +1 flail of draining.
You feel drained. The gnoll hits you with a +0 whip.
You sock the gnoll!
The gnoll is heavily wounded.
You sock the gnoll!
The gnoll is severely wounded.
The gnoll closely misses you.
The gnoll hits you with a +1 flail of draining!
You feel drained.
* * * LOW HITPOINT WARNING * * *
The gnoll barely misses you. The gnoll hits you with a +0 whip.
* * * LOW HITPOINT WARNING * * *
The gnoll closely misses you. x2
The gnoll attacks as you move away! The gnoll barely misses you.
The gnoll attacks as you move away!
The gnoll hits you with a +1 flail of draining!
You die...

######## ############ ##......##
#..........#
##........###..........#
#..........##..........#
#..........##..........#
#......>...##.......^..#
#..........##..........#
#..........##.g........#########
##...........gg@.............<.#
#........[.##.###.##############
#..........#..##..######
#..........#.....).....#
#..........#..###......#
#..........#.## #......#
##..).....#..# #......# ######
##......##..# #.....†####... #
##.###.## .## #....†....#.## #


You could see 3 gnolls.

Vanquished Creatures
  A gnoll (D:2)
  A worm (D:2)
  2 bats
  An endoplasm (D:2)
  A giant cockroach (D:2)
  A quokka (D:1)
  4 ball pythons
  3 frilled lizards (D:2)
  3 kobolds
  A rat (D:2)
18 creatures vanquished.

Notes
Turn   | Place    | Note
-------+----------+-------------------------------------------
     0 | D:1      | Hrothgar the Hill Orc Gladiator began the quest for the
                  | Orb.
     0 | D:1      | Reached XP level 1. HP: 18/18 MP: 1/1
   188 | D:1      | Reached XP level 2. HP: 21/25 MP: 2/2
   250 | D:2      | Reached skill level 3 in Staves
   514 | D:2      | Found a faded altar of an unknown god.
   545 | D:2      | Reached XP level 3. HP: 7/30 MP: 3/3
   560 | D:2      | Slain by a gnoll

Illustrated notes

Levels and vault maps discovered:
D:1:      dpeg_arrival_long_road, layout_loops_ring
D:2:      layout_rooms, ebering_ecumenical_altar_ruins, serial_curves,
          eino_curves_01, eino_curves_01

Skill      XL: |  1  2 |
---------------+-------+-----
Staves         | 3 |  3.2
Fighting       | |  2.7
Polearms       | |  0.2
Throwing       | |  1.9
Armour         | |  0.2
Dodging        | |  2.4
Stealth        | |  0.3
Spellcasting   | |  0.4

Action                   || total
-------------------------++-------
Melee: Quarterstaff      ||    55
  Use: Scroll            ||     1
       Potion            ||     1
Armor: Leather armour    ||    23
Dodge: Dodged            ||    61
